 Dungeon Crawl Stone Soup version bcrawl-1.27.7 (console) character file.

Game seed: 17551869875691215488

448714 GodsVoicemail the Thaumaturge (level 13, -6/93 HPs)
             Began as a Demonspawn Wizard on Oct 18, 2020.
             Was a High Priest of Cheibriados.
             Hit by a large rock thrown by a cyclops (26 damage)
             ... in the Orcish Mines.
             The game lasted 02:50:03 (16397 turns).

GodsVoicemail the Thaumaturge (Demonspawn Wizard)  Turns: 16397, Time: 02:50:04

Health: -6/93      AC:  9    Str: 22    XL:     13   Next: 60%
Magic:  7/40       EV: 16    Int: 41    God:    Cheibriados [*****.]
Gold:   1331       SH:  0    Dex: 26    Spells: 9/34 levels left

rFire    + . .     SeeInvis +   a - staff of power
rCold    . . .     Gourm    .   (no shield)
rNeg     . . .     Faith    .   J - +1 robe "Joant" {Slay+3}
rPois    .         Spirit   .   (helmet unavailable)
rElec    +         Reflect  .   i - +0 cloak
rCorr    .         Harm     .   h - +0 pair of gloves
MR       .....                  (no boots)
Stlth    +++.......             (no amulet)
HPRegen  0.25/turn              s - +3 ring of slaying
MPRegen  0.27/turn              z - ring of Vocyrapra {Fire Int+3}

@: very slow
A: antennae 3, thin metallic scales 3, cold resistance 1
a: Bend Time, Temporal Distortion, Slouch, Step From Time, Renounce Religion


You were in the Orcish Mines.
You worshipped Cheibriados.
Cheibriados was extremely pleased with you.
You were not hungry.

You visited 3 branches of the dungeon, and saw 17 of its levels.

You collected 1629 gold pieces.
You spent 298 gold pieces at shops.

Inventory:

Missiles
 o - 2 throwing nets {=f}
 q - 44 javelins (quivered)
 u - 435 poisoned tomahawks
Armour
 h - a +0 pair of gloves (worn)
 i - a +0 cloak (worn)
 C - a +0 buckler
 J - the +1 robe "Joant" (worn) {Slay+3}
   (You found it on level 3 of the Lair of Beasts)

   It affects your accuracy and damage with ranged weapons and melee attacks
   (+3).
Magical Staves
 a - an uncursed staff of power (weapon)
Jewellery
 l - a +6 ring of strength {unknown}
 s - a +3 ring of slaying (left hand)
 z - the ring of Vocyrapra (right hand) {Fire Int+3}
   (You found it on level 5 of the Dungeon)

   [ring of fire]

   It enhances your fire magic.
   It affects your intelligence (+3).
   It protects you from fire.
   It makes you vulnerable to cold.
Wands
 r - a wand of polymorph (26)
 v - a wand of flame (19)
 F - a wand of random effects (17)
 G - a wand of digging (9)
Scrolls
 d - 4 scrolls of teleportation
 k - 7 scrolls of identify
 w - 2 scrolls of enchant armour
 x - 4 scrolls of amnesia
 B - 2 scrolls of summoning
 D - 9 scrolls of remove curse
 H - 2 scrolls of fog
Potions
 f - 2 potions of brilliance
 m - 2 potions of might
 p - a potion of mutation
 t - 3 potions of resistance
 A - 4 potions of curing
 L - a potion of invisibility {unknown}
Comestibles
 e - 33 rations {!d}


   Skills:
 - Level 5.9 Fighting
 * Level 7.6 Staves
 - Level 2.0 Throwing
 - Level 4.3 Dodging
 - Level 2.0 Stealth
 + Level 11.4 Spellcasting
 - Level 10.0 Conjurations
 - Level 1.0 Summonings
 - Level 1.5 Translocations
 - Level 6.0 Fire Magic
 + Level 5.6 Air Magic
 - Level 6.0 Poison Magic
 - Level 10.0 Invocations
 - Level 4.0 Evocations


You had 9 spell levels left.
You knew the following spells:

 Your Spells              Type           Power        Failure   Level  Hunger
a - Magic Dart            Conj           ####         1%          1    None
b - Blink                 Tloc           N/A          1%          2    None
c - Mephitic Cloud        Conj/Pois/Air  ######..     1%          3    None
d - Conjure Flame         Conj/Fire      #######.     1%          3    None
e - Summon Butterflies    Summ           ####....     1%          1    None
f - Apportation           Tloc           #####.       1%          1    None
g - Sticky Flame          Conj/Fire      #######.     1%          4    None
h - Venom Bolt            Conj/Pois      ######....   1%          5    ###....
i - Fireball              Conj/Fire      #######...   1%          5    ###....

Your spell library contained the following spells:

 Spells                   Type           Power        Failure   Level  Hunger
 Corona                   Hex            ###....      1%          1    None
 Infusion                 Chrm           ###.....     1%          1    None
 Sandblast                Erth           ###...       1%          1    None
 Slow                     Hex            ###.....     1%          1    None
 Call Imp                 Summ           ####..       1%          2    None
 Poisonous Vapours        Pois/Air       ######       1%          2    None
 Dazzling Orbs            Conj/Hex       ######.      1%          3    None
 Inner Flame              Hex/Fire       N/A          1%          3    None
 Spider Form              Tmut/Pois      ###          1%          3    None
 Fulminant Prism          Conj/Hex       ######....   1%          4    None
 Olgreb's Toxic Radiance  Pois           ######...    1%          4    None
 Shackle                  Hex            ###.....     2%          2    None
 False Image              Hex/Summ       ####....     3%          3    None
 Confuse                  Hex            ###.....     4%          3    None
 Iskenderun's Battlesphe  Conj/Chrm      ######..     4%          5    ###....
 Bolt of Fire             Conj/Fire      #######...   9%          6    #####..
 Poison Arrow             Conj/Pois      ######....   9%          6    #####..
 Cause Fear               Hex            ###.......   14%         4    None
 Petrify                  Tmut/Erth      ###.......   14%         4    None
 Yara's Violent Unravell  Hex/Tmut       ###.......   14%         4    None
 Orb of Destruction       Conj           #######...   21%         7    ######.
 Iron Shot                Conj/Erth      ######....   28%         6    #####..
 Metabolic Englaciation   Hex/Ice        ###.......   36%         5    ###....
 Steam Barrier            Chrm/Fire      ######....   54%         6    #####..
 Freezing Cloud           Ice/Air        #####.....   56%         6    #####..
 Spellforged Servitor     Conj/Summ      ######....   77%         7    ######.
 Mana Rupture             Conj/Hex       ######....   83%         7    ######.


Dungeon Overview and Level Annotations

Branches:
Dungeon (12/12)            Temple (0/1) D:6            Lair (4/6) D:7
  Swamp (0/3) Lair:2        Snake (0/3) Lair:4          Orc (1/1) D:10
    Elf (0/3) Orc
 Vaults: D:11-12     Depths: D:12

Altars:
Cheibriados
Fedhas
Hepliaklqana
Kikubaaqudgha
Lugonu
Makhleb
Okawaru
Trog
Vehumet
Yredelemnul
The Shining One
Beogh

Shops:
D:6 ?   D:10 **   D:11 (

Annotations:
D:6 exclusion: downstairs
D:9 exclusions: two-headed ogre and 1 more exclusion
D:10 exclusion: 2 downstairs
Lair:2 3 exclusions
Lair:3 3 runed translucent doors, exclusions: catoblepas, upstairs and 1 more exclusion, DogServant's ghost, journeyman FrVM


Innate Abilities, Weirdness & Mutations

You have a pair of large antennae on your head. (SInv)
You are completely covered in thin metallic scales. (AC +4, rElec)
Your flesh is cold resistant. (rC+)


Message History

You can't see any susceptible monsters within range! (Use Z to cast anyway.) Unknown command.
The cyclops is engulfed in noxious fumes.
The cyclops appears confused.
The ogre says, "Why is everything spinning?"
The cyclops seems less confused.
Casting: Mephitic Cloud (safe; 1% risk of failure)
Confirm with . or Enter, or press ? or * to list all spells.
Aiming: Mephitic Cloud (safe; 1% risk of failure)
Press: ? - help, Shift-Dir - straight line The ball explodes into a vile cloud!
The stinking cloud engulfs the cyclops but does no damage.
The cyclops is lightly wounded.
The cyclops is engulfed in noxious fumes.
The cyclops appears confused.
The cyclops is engulfed in noxious fumes.
The cyclops seems less confused.
The cyclops is engulfed in noxious fumes.
The cyclops throws a large rock.
The large rock hits you!!
You die...

**,,,,,*,,,........###..........#
,,,,,,,,,............>...........
,...##..#........................
,.........................)......
,...................#.○☼......#.#
,....................☼C☼...).#...
,....................☼☼☼O.O##...#
,...........................##...
,...............@...........##...
,.......<....................##..
,......[....................#####
,........................#.##
,........................###*
,.......................#.#,**
,......................#....,**
,.............................*
,..#....................#.##.##


You could see a cyclops.

Vanquished Creatures
  Urug (Orc)
  A centaur warrior (D:11)
  13 two-headed ogres
  3 ogre magi
  A tengu warrior (D:9)
  Sonja (Orc)
  2 deep trolls (Orc)
  A cyclops (Orc)
  An orb spider (Orc)
  2 deep elf magi
  An orc knight (D:12)
  Maurice (D:11)
  A manticore (D:12)
  An ugly thing (D:12)
  3 centaur zombies
  A gargoyle (D:12)
  2 cane toads
  A rime drake (Lair:1)
  A komodo dragon (Lair:2)
  2 centaur skeletons
  A kobold demonologist (D:12)
  9 trolls
  3 slime creatures (D:10)
  5 blink frogs (Lair:1)
  2 meliai zombies
  8 hippogriffs
  A vampire (D:10)
  A wraith (D:8)
  27 yaks
  A vampire mosquito (D:10)
  3 hungry ghosts
  3 soldier ants (D:8)
  5 crocodiles
  3 water moccasins
  3 porcupines
  2 ice beasts
  9 orc warriors
  2 phantoms
  3 necrophages
  A sky beast (D:6)
  A black bear (D:7)
  19 ogres
  6 centaurs
  2 wolves
  7 bullfrogs
  2 big kobolds (D:7)
  A scorpion (D:6)
  2 wights
  4 killer bees (D:10)
  2 howler monkeys
  2 electric eels (D:7)
  10 crimson imps
  2 bullfrog zombies
  7 hounds
  A bullfrog skeleton (D:5)
  13 orc priests
  14 orc wizards
  Ijyb (D:3)
  2 iguanas
  8 worker ants
  A hound skeleton (D:4)
  2 mummies (D:12)
  A worker ant zombie (D:5)
  13 adders
  A shadow imp (D:5)
  3 oozes
  An adder skeleton (D:4)
  An adder zombie (D:6)
  3 worms
  5 dart slugs
  3 leopard geckos
  57 orcs
  2 bats (D:3)
  3 giant cockroaches
  10 goblins
  3 hobgoblins
  15 kobolds
  4 quokkas
  A ball python (D:1)
  A frilled lizard (D:1)
  7 rats
  A spectral orc (D:6)
  A plant (Lair:1)
377 creatures vanquished.

Vanquished Creatures (collateral kills)
  A cane toad (Lair:2)
1 creature vanquished.

Vanquished Creatures (others)
  An orc priest (Orc)
  An orc wizard (Orc)
  An orc (Orc)
  A fungus (Lair:4)
  5 plants
  A withered plant (D:12)
10 creatures vanquished.

Grand Total: 388 creatures vanquished

Notes
Turn   | Place    | Note
-------+----------+-------------------------------------------
     0 | D:1      | GodsVoicemail the Demonspawn Wizard began the quest for the
                  | Orb.
     0 | D:1      | Reached XP level 1. HP: 13/13 MP: 4/4
   196 | D:1      | Gained mutation: You are partially covered in thin metallic
                  | scales. (AC +2) [demonic ancestry]
   196 | D:1      | Reached XP level 2. HP: 17/19 MP: 0/6
   260 | D:1      | Learned a level 2 spell: Blink
  1085 | D:2      | Reached XP level 3. HP: 23/24 MP: 0/7
  1381 | D:2      | Found a snail-covered altar of Cheibriados.
  1381 | D:2      | Found a bloodstained altar of Trog.
  1385 | D:2      | Became a worshipper of Cheibriados the Contemplative
  1849 | D:3      | Learned a level 3 spell: Mephitic Cloud
  2101 | D:3      | Reached XP level 4. HP: 30/30 MP: 3/8
  2283 | D:3      | Reached skill level 1 in Poison Magic
  2293 | D:3      | Reached * piety under Cheibriados
  2332 | D:3      | Learned a level 3 spell: Conjure Flame
  2453 | D:3      | Gained mutation: You are mostly covered in thin metallic
                  | scales. (AC +3) [demonic ancestry]
  2453 | D:3      | Reached XP level 5. HP: 35/35 MP: 0/10
  2581 | D:3      | Noticed Ijyb
  2598 | D:3      | Killed Ijyb
  3289 | D:4      | Reached ** piety under Cheibriados
  3317 | D:4      | Gained mutation: Your flesh is cold resistant. (rC+)
                  | [demonic ancestry]
  3317 | D:4      | Reached XP level 6. HP: 41/41 MP: 2/11
  3649 | D:4      | Reached skill level 1 in Fire Magic
  3649 | D:4      | Reached skill level 1 in Invocations
  3708 | D:4      | Found a glowing golden altar of the Shining One.
  3774 | D:4      | Reached skill level 1 in Fighting
  3774 | D:4      | Reached skill level 4 in Spellcasting
  3774 | D:4      | Reached skill level 1 in Air Magic
  3774 | D:4      | Reached skill level 1 in Evocations
  3848 | D:4      | Noticed a hungry ghost
  3856 | D:4      | Killed a hungry ghost
  3856 | D:4      | Reached skill level 5 in Conjurations
  3856 | D:4      | Reached XP level 7. HP: 48/48 MP: 2/13
  4238 | D:4      | Found an iron altar of Okawaru.
  4375 | D:4      | Found a hazy altar of Hepliaklqana.
  4502 | D:5      | Entered Level 5 of the Dungeon
  4649 | D:5      | Gained mutation: You have a pair of small antennae on your
                  | head. [demonic ancestry]
  4649 | D:5      | Reached XP level 8. HP: 56/56 MP: 2/15
  4758 | D:5      | Reached *** piety under Cheibriados
  4758 | D:5      | Reached skill level 5 in Spellcasting
  4829 | D:5      | Noticed a hippogriff
  4920 | D:5      | Got a shimmering brass ring
  4927 | D:5      | Reached skill level 1 in Translocations
  4994 | D:5      | Found a blossoming altar of Fedhas.
  5299 | D:5      | Identified the ring of Vocyrapra {Fire Int+3} (You found it
                  | on level 5 of the Dungeon)
  5544 | D:5      | Found a radiant altar of Vehumet.
  5682 | D:6      | Found a staircase to the Ecumenical Temple.
  5705 | D:6      | Learned a level 1 spell: Summon Butterflies
  5890 | D:6      | Noticed a hippogriff
  5912 | D:6      | Killed a hippogriff
  6118 | D:6      | Reached skill level 6 in Spellcasting
  6300 | D:6      | Found Naakaar's Magic Scroll Shoppe.
  6433 | D:6      | Learned a level 1 spell: Apportation
  6612 | D:6      | Bought a scroll of teleportation for 42 gold pieces
  6629 | D:6      | Found a basalt altar of Yredelemnul.
  6736 | D:6      | Reached **** piety under Cheibriados
  6736 | D:6      | Gained mutation: You have a pair of antennae on your head.
                  | [demonic ancestry]
  6736 | D:6      | Reached XP level 9. HP: 61/63 MP: 11/18
  6773 | D:6      | Reached skill level 5 in Invocations
  6829 | D:7      | Found a staircase to the Lair.
  6829 | D:7      | Noticed a troll
  6839 | D:7      | Killed a troll
  6840 | D:7      | Reached skill level 7 in Spellcasting
  7566 | D:7      | Got a crude steel amulet
  7567 | D:7      | Identified the cursed amulet "Gickyumu" {Inacc rPois rF-
                  | MR+} (You found it on level 7 of the Dungeon)
  7986 | D:7      | Noticed a troll
  8270 | D:8      | Noticed a troll
  8406 | D:8      | Reached skill level 8 in Spellcasting
  8463 | D:8      | Gained mutation: You have a pair of large antennae on your
                  | head. (SInv) [demonic ancestry]
  8463 | D:8      | Reached XP level 10. HP: 64/73 MP: 15/22
  8505 | D:8      | Found a corrupted altar of Lugonu.
  8820 | D:8      | Reached skill level 1 in Throwing
  8981 | D:8      | Found a burning altar of Makhleb.
  9052 | Lair:1   | Entered Level 1 of the Lair of Beasts
  9052 | Lair:1   | Noticed a cane toad
  9060 | Lair:1   | Killed a cane toad
  9208 | D:7      | Reached skill level 5 in Fighting
  9785 | Lair:1   | Reached skill level 9 in Spellcasting
 10556 | Lair:2   | Reached ***** piety under Cheibriados
 10556 | Lair:2   | Gained mutation: You are completely covered in thin
                  | metallic scales. (AC +4, rElec) [demonic ancestry]
 10556 | Lair:2   | Reached XP level 11. HP: 44/81 MP: 19/24
 10698 | Lair:2   | Identified a scroll of acquirement
 10698 | Lair:2   | Identified Ytrotz's Tome of Venom and Heat (You acquired it
                  | on level 2 of the Lair of Beasts)
 10705 | Lair:2   | Learned a level 4 spell: Sticky Flame
 10711 | Lair:2   | Learned a level 5 spell: Venom Bolt
 11078 | Lair:2   | Found a staircase to the Swamp.
 11288 | Lair:3   | Noticed a catoblepas
 11358 | Lair:3   | Found a runed translucent gate.
 11358 | Lair:3   | Found a runed translucent gate.
 11358 | Lair:3   | Found a runed translucent gate.
 11393 | Lair:3   | Learned a level 5 spell: Fireball
 11434 | Lair:3   | Noticed DogServant's ghost (journeyman FrVM)
 11456 | Lair:3   | Got a heavy robe
 11474 | Lair:3   | Identified the +1 robe "Joant" {Slay+3} (You found it on
                  | level 3 of the Lair of Beasts)
 12124 | Lair:4   | Found a staircase to the Snake Pit.
 12913 | D:8      | Reached skill level 5 in Poison Magic
 13048 | D:9      | Found a roughly hewn altar of Beogh.
 13093 | D:9      | Noticed a two-headed ogre
 13140 | D:9      | Noticed a tengu warrior
 13148 | D:9      | Killed a tengu warrior
 13148 | D:9      | Reached skill level 10 in Spellcasting
 13216 | D:9      | Found an ancient bone altar of Kikubaaqudgha.
 13242 | D:9      | Reached skill level 5 in Fire Magic
 13584 | D:9      | Killed a two-headed ogre
 13737 | D:10     | Entered Level 10 of the Dungeon
 13913 | D:10     | Reached skill level 10 in Invocations
 13932 | D:10     | Reached XP level 12. HP: 65/87 MP: 2/26
 13944 | D:10     | Reached ****** piety under Cheibriados
 14028 | D:10     | Found a staircase to the Orcish Mines.
 14626 | D:10     | Found Sunaom's Assorted Antiques.
 14634 | D:10     | Bought a scroll of teleportation for 99 gold pieces
 14634 | D:10     | Bought a potion of curing for 82 gold pieces
 14863 | D:10     | Found Hykixat's General Store.
 14873 | D:10     | Bought a potion of heal wounds for 75 gold pieces
 14931 | D:10     | Got a brightly glowing robe
 14938 | D:10     | Identified the cursed +1 robe "Wuasel" {Int+4 Dex+5} (You
                  | found it on level 10 of the Dungeon)
 15025 | D:11     | Noticed Maurice
 15029 | D:11     | Noticed a centaur warrior
 15156 | D:10     | Reached skill level 1 in Staves
 15241 | D:11     | Killed a centaur warrior
 15410 | D:11     | Killed Maurice
 15457 | D:11     | Found Qostrop Rogia's Antique Weapon Emporium.
 15751 | D:12     | Entered Level 12 of the Dungeon
 15928 | D:12     | Found a bloodstained altar of Trog.
 15938 | D:12     | HP: 3/87 [cloud of flame (11)]
 15945 | D:12     | Killed an ogre mage
 15946 | D:12     | Noticed a two-headed ogre
 15948 | D:12     | Noticed a two-headed ogre
 15949 | D:12     | Noticed a two-headed ogre
 15950 | D:12     | Killed a two-headed ogre
 15951 | D:12     | Noticed a two-headed ogre
 15956 | D:12     | Killed a two-headed ogre
 15956 | D:12     | Reached skill level 5 in Staves
 15957 | D:12     | Killed a two-headed ogre
 15957 | D:12     | Killed a two-headed ogre
 16144 | D:12     | Noticed a vault guard
 16214 | Orc      | Entered the Orcish Mines
 16214 | Orc      | Noticed Sonja
 16214 | Orc      | Noticed Urug
 16217 | Orc      | Killed Urug
 16217 | Orc      | Reached XP level 13. HP: 93/93 MP: 25/27
 16219 | Orc      | Killed Sonja
 16290 | Orc      | Found a staircase to the Elven Halls.
 16309 | Orc      | Reached skill level 11 in Spellcasting
 16311 | Orc      | Reached skill level 5 in Air Magic
 16336 | Orc      | Reached skill level 10 in Conjurations
 16397 | Orc      | Hit by a large rock thrown by a cyclops

Skill      XL: |  1  2  3  4  5  6  7  8  9 10 11 12 13 |
---------------+----------------------------------------+-----
Conjurations   | 2 3 4 5 6 7 8 9 10 | 10.0
Poison Magic   | 1 2 3 4 5 6 |  6.0
Fire Magic     | 1 2 5 6 |  6.0
Invocations    | 2 3 4 6 8 10 | 10.0
Fighting       | 1 2 3 4 5 |  5.9
Spellcasting   | 4 6 8 9 10 11 | 11.4
Air Magic      | 1 4 5 |  5.6
Evocations     | 1 2 3 4 |  4.0
Dodging        | 2 4 |  4.3
Translocations | 1 |  1.5
Throwing       | 2 |  2.0
Staves         | 5 7 |  7.6
Stealth        | |  2.0
Summonings     | |  1.0

Action                   |  1- 3 |  4- 6 |  7- 9 | 10-12 | 13-15 || total
-------------------------+-------+-------+-------+-------+-------++-------
Melee: Staff             |     1 |       |       |    45 |    16 ||    62
       Whip              |       |       |    23 |   146 |       ||   169
 Fire: Hunting sling     |     6 |    11 |     6 |     5 |       ||    28
Throw: Tomahawk          |       |     2 |       |       |     3 ||     5
       Javelin           |       |       |    14 |     2 |     1 ||    17
 Cast: Magic Dart        |    86 |   144 |   277 |   262 |     8 ||   777
       Mephitic Cloud    |       |     4 |    24 |    49 |     6 ||    83
       Conjure Flame     |       |     2 |    15 |    21 |       ||    38
       Blink             |       |       |     9 |    22 |     3 ||    34
       Summon Butterflie |       |       |     2 |     2 |       ||     4
       Apportation       |       |       |     1 |     1 |     2 ||     4
       Sticky Flame      |       |       |       |    58 |     2 ||    60
       Fireball          |       |       |       |    26 |     3 ||    29
       Venom Bolt        |       |       |       |     7 |     1 ||     8
Invok: Slouch            |       |       |     1 |     4 |     2 ||     7
       Bend Time         |       |       |       |     2 |       ||     2
       Step From Time    |       |       |       |     1 |       ||     1
Evoke: Wand              |       |       |     2 |     9 |     6 ||    17
  Use: Scroll            |     5 |     4 |    10 |    11 |     2 ||    32
       Potion            |       |       |     4 |     4 |       ||     8
 Stab: Confused          |       |       |     3 |    18 |     3 ||    24
  Eat: Chunk             |     3 |     8 |    10 |    27 |       ||    48
       Ration            |       |       |     1 |     1 |       ||     2
Armor: Robe              |       |    12 |    19 |    60 |     5 ||    96
Dodge: Dodged            |    17 |    25 |    64 |   203 |    16 ||   325
